 Dungeon Sprint DCSS version 0.26-a0-980-g0fe3eaa9ac (webtiles) character file.

Game seed: 18118316157995965011

651 pablito the Grappler (level 7, -2/80 HPs)
             Began as a Troll Berserker on Dec 6, 2020.
             Was a Priest of Trog.
             Succumbed to Sonja's poison
             ... in the Dungeon (Sprint I: "Red Sonja").
             The game lasted 00:02:25 (230 turns).

pablito the Grappler (Troll Berserker)               Turns: 230, Time: 00:02:25

Health: -2/80      AC:  6    Str: 28    XL:     7   Next: 28%
Magic:  6/6        EV: 13    Int:  3    God:    Trog [***...]
Gold:   433        SH:  0    Dex:  9    Spells: 6/6 levels left

rFire    . . .     SeeInvis .     - Unarmed
rCold    . . .     Faith    .   (no shield)
rNeg     . . .     Spirit   .   a - +0 animal skin
rPois    .         Reflect  .   (helmet restricted)
rElec    .         Harm     .   (no cloak)
rCorr    .         Rampage  .   (gloves unavailable)
MR       .....     NoTele   +   (boots unavailable)
Stlth    +.........             (no amulet)
HPRegen  0.63/turn              (no ring)
MPRegen  0.10/turn              (no ring)

@: lethally poisoned (-2 -> -39), berserk cooldown, slowed, very slow
A: large, unfitting armour, claws 3, regeneration 1, shaggy fur 1, tough skin 3
a: Berserk, Trog's Hand, Renounce Religion


You were in the Dungeon.
You worshipped Trog.
Trog was most pleased with you.
You visited 1 branch You collected 433 gold pieces.

Inventory:

Missiles
 i - 3 curare-tipped darts
Armour
 a - a +0 animal skin (worn)
Wands
 h - a wand of polymorph (2)
Scrolls
 g - a scroll of blinking
Potions
 b - a potion of curing
 c - a potion of heal wounds
 d - a potion of haste
 e - 2 potions of magic
 f - a potion of berserk rage


   Skills:
 + Level 8.1 Fighting
 + Level 8.1 Dodging
 + Level 9.7 Unarmed Combat


You had 6 spell levels left.
You didn't know any spells.
Your spell library was empty.

Dungeon Overview and Level Annotations

Branches:
Dungeon (1/1)

Altars:
Cheibriados
Dithmenos
Elyvilon
Fedhas
Gozag
Hepliaklqana
Kikubaaqudgha
Makhleb
Nemelex Xobeh
Okawaru
Qazlal
Ru
Sif Muna
Trog
Uskayaw
Vehumet
Wu Jian
Xom
Yredelemnul
Zin
The Shining One
Jiyva
Lugonu

Shops:
D [

Annotations:
D Sonja


Innate Abilities, Weirdness & Mutations

You are too large for most types of armour.
You have claws for hands.
Your natural rate of healing is unusually fast.
You are covered in fur. (AC +1)
You have extremely tough skin. (AC +3)


Message History

You are more poisoned.
Sonja hits you but does no damage.
You are lethally poisoned!
Sonja hits you but does no damage. Sonja closely misses you.
You miss Sonja.
* * * LOW HITPOINT WARNING * * *
You feel very sick. Sonja misses you.
Sonja hits you with a +1 dagger of venom.
* * * LOW HITPOINT WARNING * * *
You are more poisoned.
Sonja hits you but does no damage.
You are more poisoned.
Sonja hits you with a +1 dagger of venom.
* * * LOW HITPOINT WARNING * * *
You are more poisoned.
Sonja misses you. Sonja hits you but does no damage.
You are more poisoned.
You closely miss Sonja. Your claw misses Sonja.
You die...

#..').#).').#..'..'..#
#..#####'#####'#__####
#..####..#...#.####
#..#__####..##.#
#..#_____##'#_.+
#⌠⌠#_.∩...(..._#
####_..__##_.#+#
#_____###K#
#########@## +$.(+
#$.(# ##.## #+#


You could see Sonja.

Vanquished Creatures
  A slime creature (D)
  Sigmund (D)
  A yak (D)
  An ogre (D)
  A jelly (D)
  Ijyb (D)
6 creatures vanquished.

Notes
Turn   | Place    | Note
-------+----------+-------------------------------------------
     0 | D        | pablito the Troll Berserker began the quest for the Orb.
     0 | D        | Reached XP level 1. HP: 22/22 MP: 0/0
     1 | D        | Noticed Ijyb
     6 | D        | Killed Ijyb
     7 | D        | Reached skill level 4 in Unarmed Combat
     7 | D        | Reached XP level 2. HP: 31/31 MP: 1/1
    11 | D        | Noticed an ogre
    18 | D        | Killed an ogre
    19 | D        | Reached skill level 5 in Fighting
    19 | D        | Reached skill level 5 in Dodging
    19 | D        | Reached skill level 6 in Unarmed Combat
    19 | D        | Reached XP level 3. HP: 28/42 MP: 2/2
    19 | D        | Reached XP level 4. HP: 33/50 MP: 3/3
    47 | D        | Noticed Sigmund
    56 | D        | Killed Sigmund
    56 | D        | Reached ** piety under Trog
    57 | D        | Reached skill level 7 in Unarmed Combat
    57 | D        | Reached XP level 5. HP: 47/61 MP: 4/4
    57 | D        | Reached XP level 6. HP: 53/68 MP: 5/5
    94 | D        | Found a burning altar of Makhleb.
    94 | D        | Found a viscous altar of Jiyva.
    94 | D        | Found a shimmering altar of Xom.
    94 | D        | Found a corrupted altar of Lugonu.
    94 | D        | Noticed a slime creature
    99 | D        | Killed a slime creature
   100 | D        | Reached skill level 9 in Unarmed Combat
   144 | D        | Found an ornate altar of the Wu Jian Council.
   144 | D        | Found a shimmering blue altar of Sif Muna.
   146 | D        | Found a radiant altar of Vehumet.
   176 | D        | Found Piju's Antique Armour Emporium.
   176 | D        | Found an ancient bone altar of Kikubaaqudgha.
   176 | D        | Found a hazy altar of Hepliaklqana.
   176 | D        | Found a stormy altar of Qazlal.
   176 | D        | Found a hide-covered altar of Uskayaw.
   176 | D        | Found a blossoming altar of Fedhas.
   176 | D        | Found a bloodstained altar of Trog.
   176 | D        | Found an iron altar of Okawaru.
   176 | D        | Found a basalt altar of Yredelemnul.
   176 | D        | Found a glowing golden altar of the Shining One.
   176 | D        | Found a snail-covered altar of Cheibriados.
   176 | D        | Found a sacrificial altar of Ru.
   176 | D        | Found a glowing silver altar of Zin.
   176 | D        | Found a shadowy altar of Dithmenos.
   176 | D        | Found a white marble altar of Elyvilon.
   176 | D        | Noticed a yak
   180 | D        | Killed a yak
   180 | D        | Reached *** piety under Trog
   181 | D        | Reached XP level 7. HP: 66/80 MP: 6/6
   181 | D        | Found an opulent altar of Gozag.
   182 | D        | Found a sparkling altar of Nemelex Xobeh.
   207 | D        | Noticed Sonja
   228 | D        | HP: 7/80 [Sonja/+1 dagger of venom (2)]
   229 | D        | HP: 2/80 [Sonja/+1 dagger of venom (2)]
   230 | D        | Succumbed to Sonja's poison

Illustrated notes

Levels and vault maps discovered:
D:        dungeon_sprint_1 [red_sonja_temple_1, red_sonja_temple_small_1]

Skill      XL: |  1  2  3  4  5  6 |
---------------+-------------------+-----
Fighting       | 3 5 6 8 |  8.1
Dodging        | 3 5 6 8 |  8.1
Unarmed Combat | 4 6 7 9 |  9.7

Action                   |  1- 3 |  4- 6 |  7- 9 || total
-------------------------+-------+-------+-------++-------
Melee: Unarmed           |     7 |    16 |     8 ||    31
Throw: Dart              |       |       |     1 ||     1
Invok: Berserk           |     1 |     1 |     1 ||     3
  Use: Potion            |       |       |     1 ||     1
Armor: Animal skin       |       |       |     8 ||     8
Dodge: Dodged            |     2 |     6 |    14 ||    22

Table legend: (Time is in decaauts)
 A = Elapsed time spent in this place.
 B = Non-inter-level travel time spent in this place.
 C = Inter-level travel time spent in this place.
 D = Time resting spent in this place.
 E = Time spent auto-exploring this place.
 F = Levels seen in this place.
 G = Mean time per level.
                   A        B        C        D        E       F      G
               +--------+--------+--------+--------+--------+-----+--------+
         Total |    253 |    253 |      0 |     80 |     31 |   1 |  253.0 |
       Dungeon |    253 |    253 |      0 |     80 |     31 |   1 |  253.0 |
               +--------+--------+--------+--------+--------+-----+--------+

Top non-repeatable levels by time:
       D: 253 daAuts
